 Dungeon Crawl Stone Soup version 0.24-a0-581-gc0fa6600bf (webtiles) character file.

Game seed: 13311490884443560487

79 Electrofox the Firebug (level 4, 0/33 HPs)
             Began as a Hill Orc Fire Elementalist on Aug 23, 2019.
             Slain by a centaur (6 damage)
             ... on level 2 of the Dungeon.
             The game lasted 00:11:43 (2259 turns).

Electrofox the Firebug (Hill Orc Fire Elementalist) Turns: 2259, Time: 00:11:43

Health: 0/33       AC:  2    Str: 11    XL:     4   Next: 38%
Magic:  4/7        EV: 12    Int: 15    God:
Gold:   79         SH:  0    Dex: 11    Spells: 3/7 levels left

rFire    . . .     SeeInvis .   l - +0 whip
rCold    . . .     Gourm    .   (no shield)
rNeg     . . .     Faith    .   a - +0 robe
rPois    .         Spirit   .   (no helmet)
rElec    .         Reflect  .   (no cloak)
rCorr    .         Harm     .   (no gloves)
MR       .....                  (no boots)
Stlth    ++........             (no amulet)
HPRegen  0.11/turn              (no ring)
MPRegen  0.10/turn              (no ring)

@: no status effects
A: no striking features
a: no special abilities


You were on level 2 of the Dungeon.
You were not hungry.

You visited 1 branch of the dungeon, and saw 2 of its levels.

You collected 79 gold pieces.

Inventory:

Hand Weapons
 f - a +1 whip of venom
 l - a +0 whip (weapon)
Armour
 a - a +0 robe (worn)
 g - a +0 pair of boots
Scrolls
 e - a scroll of immolation {unknown}
 i - a scroll of amnesia {unknown}
 j - a scroll of remove curse {unknown}
 k - a scroll of enchant weapon {unknown}
 m - a scroll of identify {unknown}
Potions
 b - a potion of curing {unknown}
 d - a potion of resistance {unknown}
Comestibles
 c - a ration
 h - 3 chunks of flesh


   Skills:
 - Level 1.5 Dodging
 - Level 1.5 Stealth
 + Level 2.2 Spellcasting
 * Level 2.4 Conjurations
 + Level 4.2 Fire Magic


You had 3 spell levels left.
You knew the following spells:

 Your Spells              Type           Power        Failure   Level  Hunger
a - Flame Tongue          Conj/Fire      ##...        5%          1    #......
b - Conjure Flame         Conj/Fire      ##......     17%         3    ###....

Your spell library contained the following spells:

 Spells                   Type           Power        Failure   Level  Hunger
 Throw Flame              Conj/Fire      ##....       9%          2    ###....
 Inner Flame              Hex/Fire       #.......     26%         3    ###....
 Sticky Flame             Conj/Fire      ##......     50%         4    #####..
 Fireball                 Conj/Fire      ##........   83%         5    ######.


Dungeon Overview and Level Annotations

Branches:
Dungeon (2/15)

Altars:

Annotations:
D:2 exclusion: adder


Message History

* * * LOW HITPOINT WARNING * * *
The centaur misses you.
Casting: Flame Tongue (safe; 5% risk of failure)
Confirm with . or Enter, or press ? or * to list all spells.
Aiming: Flame Tongue (safe; 5% risk of failure)
Press: ? - help, Shift-Dir - straight line, f/p - centaur
Aim: a centaur (heavily wounded)
The flame tongue hits the centaur.
The centaur is severely wounded.
The centaur hits you.
* * * LOW HITPOINT WARNING * * *
Casting: Flame Tongue (safe; 5% risk of failure)
Confirm with . or Enter, or press ? or * to list all spells.
Aiming: Flame Tongue (safe; 5% risk of failure)
Press: ? - help, Shift-Dir - straight line, f/p - centaur
Aim: a centaur (severely wounded)
The flame tongue hits the centaur but does no damage.
The centaur is severely wounded.
The centaur hits you.
You die...

##.....##+#.#
............## .#
............. .S..
#.# ...........#
#.#$##.#
...........#
...##.# #
...........#
#..##.##.#
...........#
.$#...#.#
.........c(#
#.#.....#.
#########@##
#.#.......
#(#######..#.#####
#.................
##########...#####
##..# #..#####
#.>....# #.####.#
#.# #.#


You could see a centaur.

Vanquished Creatures
  An adder (D:2)
  A worm (D:2)
  2 dart slugs
  2 leopard geckos (D:1)
  A ball python (D:1)
  9 giant cockroaches
  4 goblins (D:1)
  5 hobgoblins
  7 jackals (D:1)
  A quokka (D:2)
  6 bats
  7 frilled lizards
  4 kobolds
  7 rats (D:1)
57 creatures vanquished.

Notes
Turn   | Place    | Note
-------+----------+-------------------------------------------
     0 | D:1      | Electrofox the Hill Orc Fire Elementalist began the quest
                  | for the Orb.
     0 | D:1      | Reached XP level 1. HP: 14/14 MP: 3/3
   426 | D:1      | Reached XP level 2. HP: 17/20 MP: 1/4
   936 | D:1      | Reached XP level 3. HP: 23/26 MP: 2/6
  1501 | D:1      | Reached skill level 4 in Fire Magic
  1513 | D:1      | Learned a level 3 spell: Conjure Flame
  1912 | D:2      | Reached XP level 4. HP: 26/33 MP: 4/7
  2246 | D:2      | Noticed a centaur
  2259 | D:2      | Slain by a centaur

Levels and vault maps discovered:
D:1:      onia_arrival_larder, layout_loops_ring, minmay_worlds_worst_comb
D:2:      layout_basic

Skill      XL: |  1  2  3 |
---------------+----------+-----
Spellcasting   | 2 |  2.2
Conjurations   | 2 |  2.4
Fire Magic     | 4 |  4.2
Dodging        | |  1.5
Stealth        | |  1.5

Action                   |  1- 3 |  4- 6 || total
-------------------------+-------+-------++-------
Melee: Unarmed           |    59 |       ||    59
       Whip              |     8 |     9 ||    17
 Cast: Flame Tongue      |    79 |    19 ||    98
  Eat: Chunk             |     4 |     2 ||     6
Armor: Robe              |    18 |       ||    18
Dodge: Dodged            |    91 |     9 ||   100

Table legend:
 A = Non-vault XP
 B = Vault XP
 C = Vault XP percentage of total XP
 D = Non-vault monster count
 E = Vault monster count
 F = Vault count percentage of total count
                 A         B        C        D         E       F
            +---------+---------+-------+---------+---------+-------
      Total |      94 |      20 |  17.5 |      45 |      12 |  21.1
            +---------+---------+-------+---------+---------+-------
        D:1 |      57 |      20 |  26.0 |      32 |      12 |  27.3
        D:2 |      37 |       0 |   0.0 |      13 |       0 |   0.0
            +---------+---------+-------+---------+---------+-------
